 Dungeon Crawl Stone Soup version 0.32-a0-913-g739538afd8 (webtiles) character file.

Game seed: 17047034582663869622

1946 bronco the Trooper (level 8, -5/73 HPs)
             Began as a Mountain Dwarf Monk on Apr 9, 2024.
             Killed by divine providence
             ... invoked by an orc priest
              (13 damage)
             ... on level 6 of the Dungeon on Apr 10, 2024.
             The game lasted 00:17:59 (4719 turns).

bronco the Trooper (Mountain Dwarf Monk)            Turns: 4719, Time: 00:17:59

Health: -5/73      AC:  9    Str: 20    XL:     8   Next: 98%
Magic:  8/8        EV:  9    Int: 19    God:
Gold:   321        SH:  9    Dex: 12    Spells: 6/7 levels left

rFire   . . .        a - +1 morningstar
rCold   . . .        e - +0 kite shield
rNeg    . . .        k - +0 ring mail
rPois   .            y - +0 helmet
rElec   .            h - +0 cloak
rCorr   .            (no gloves)
SInv    .            H - +0 pair of boots
Will    .....        I - amulet of regeneration
Stlth   +            z - +6 ring of intelligence
HPRegen 1.12/turn    n - +6 ring of strength
MPRegen 0.11/turn

%: no passive effects
@: no status effects
A: runic magic, artefact enchanting
a: Convert to Beogh


You were on level 6 of the Dungeon.
You visited 1 branch of the dungeon, and saw 6 of its levels.

You collected 321 gold pieces.

Inventory:

Hand Weapons
 a - a +1 morningstar (weapon)
 b - a +0 arbalest
 l - a +0 hand axe
 x - a +0 dagger of venom
 B - a +1 hand axe of electrocution
 G - a +0 war axe
Missiles
 g - a boomerang
 i - 56 stones
 q - 2 silver javelins
 t - 7 poisoned darts
Armour
 e - a +0 kite shield (worn)
 h - a +0 cloak (worn)
 j - a +0 robe
 k - a +0 ring mail (worn)
 o - a +0 scale mail
 y - a +0 helmet (worn)
 H - a +0 pair of boots (worn)
Jewellery
 m - a ring of wizardry
 n - a +6 ring of strength (right hand)
 p - a ring of resist corrosion
 v - a +6 ring of dexterity
 z - a +6 ring of intelligence (left hand)
 D - a ring of magical power
 F - a +6 ring of dexterity
 I - an amulet of regeneration (around neck)
 J - a ring of ice
Wands
 c - a wand of polymorph (8)
 u - a wand of flame (8)
Potions
 w - 2 potions of cancellation
 A - 2 potions of mutation
 E - 2 potions of enlightenment


   Skills:
 - Level 7.0 Fighting
 + Level 5.7 Axes
 - Level 4.7 Armour
 - Level 2.2 Dodging
 - Level 6.7 Shields
 - Level 4.7 Conjurations


You had 6 spell levels left.
You knew the following spells:

 Your Spells              Type           Power      Damage    Failure   Level
a - Magic Dart            Conj           72%        1d6       7%          1

Your spell library contained the following spells:

 Spells                   Type           Power      Damage    Failure   Level
 Blink                    Tloc           0%         N/A       58%         2
 Call Imp                 Summ           0%         N/A       58%         2
 Ensorcelled Hibernation  Hex/Ice        0%         N/A       58%         2
 Fugue of the Fallen      Necr           0%         N/A       83%         3
 Anguish                  Hex/Necr       0%         N/A       99%         4


Dungeon Overview and Level Annotations

Branches:
Dungeon (6/15)
 Temple: D:4-7

Altars:
Elyvilon
Hepliaklqana
Trog
Uskayaw

Annotations:
D:3 Sigmund, Terence


Innate Abilities, Weirdness & Mutations

Your spellcasting is much less encumbered by armour.
You can use scrolls of enchantment on lesser artefacts.


Message History

Beogh smites you! Something hits you. Something hits you but does no damage.
You miss something.
You hear some strange, mumbled words.
A puff of flame appears from out of thin air!
The puff of flame hits you.
* * * LOW HITPOINT WARNING * * *
It was a potion of magic.
Magic courses through your body.
You feel less confused. Something hits you but does no damage.
Okay, then.
As you read the scroll labelled TUGIUS IPRUT, it crumbles to dust.
It is a scroll of enchant weapon.
Your +0 morningstar glows red for a moment.
The orc priest hits you but does no damage.
Something hits you.
* * * LOW HITPOINT WARNING * * *
The orc hits you with a +0 mace.
* * * LOW HITPOINT WARNING * * *
It was a potion of curing.
You feel better.
The orc priest calls down the wrath of Beogh upon you.
Beogh smites you!
* * * LOW HITPOINT WARNING * * *
You block the orc's attack. Something hits you.
* * * LOW HITPOINT WARNING * * *
As you read the scroll labelled SIRRIA YXZED, it dissolves into smoke.
It was a scroll of fog.
The orc priest hits you but does no damage.
Something hits you.
* * * LOW HITPOINT WARNING * * *
The orc barely misses you.
Okay, then.
The orc priest shouts, "Beogh offers mercy even to people such as you.
Join us and be reborn!"
You puncture the orc priest!
The orc priest is severely wounded.
The orc priest begins to cast a cantrip, but forgets the words!
The orc hits you but does no damage. Something hits you but does no damage.
The orc priest mumbles some strange prayers to Beogh against you.
Beogh smites you!
You die...

...# ##..##.....### ...#
#...##.......##########
####
............#.##.......#
#...........###..........#
#.###...##..#.....†..^...#
#. ##.# ##...##.........#
#.. #..§##.#.......#
..._.###§oo§..........#
.#.....§§@{##.#..##...###
##...§§§§##..#.##.#...#
#...##§..........)......
..........#..#..#.....##
.....######....#..#...#
...# #...........# ###
####.##.##..# #. #.##..# #
. ...#


You could see an orc priest and an orc.

Vanquished Creatures
  Grinder (D:3)
  Eustachio (D:4)
  Menkaure (D:4)
  2 ice beasts
  2 sky beasts (D:6)
  An ogre (D:6)
  2 phantoms
  A bullfrog (D:6)
  3 scorpions
  4 wights (D:5)
  An orc priest (D:5)
  A bombardier beetle (D:4)
  3 hounds
  3 jellies
  An orc wizard (D:5)
  Robin (D:2)
  3 adders
  3 white imps
  An ufetubus (D:6)
  2 ribbon worms
  23 orcs
  3 bats
  2 endoplasms (D:1)
  3 giant cockroaches
  13 goblins
  11 hobgoblins
  2 jackals (D:1)
  6 kobolds
  2 quokkas
  3 ball pythons
  A frilled lizard (D:3)
  4 rats
110 creatures vanquished.

Notes
Turn   | Place    | Note
-------+----------+-------------------------------------------
     0 | D:1      | bronco the Mountain Dwarf Monk began the quest for the Orb.
     0 | D:1      | Reached XP level 1. HP: 19/19 MP: 1/1
   282 | D:1      | Reached XP level 2. HP: 26/26 MP: 2/2
   411 | D:1      | Found a faded altar of an unknown god.
   928 | D:2      | Reached skill level 4 in Fighting
   954 | D:2      | Reached XP level 3. HP: 33/33 MP: 3/3
  1241 | D:3      | Noticed Robin
  1280 | D:3      | Noticed Grinder
  1302 | D:3      | Paralysed by Grinder for 4 turns
  1311 | D:3      | Paralysed by Grinder for 4 turns
  1316 | D:3      | Killed Grinder
  1317 | D:3      | Reached skill level 6 in Fighting
  1317 | D:3      | Reached XP level 4. HP: 15/45 MP: 4/4
  1317 | D:3      | Reached XP level 5. HP: 17/51 MP: 5/5
  1455 | D:3      | Noticed Terence
  1669 | D:2      | Killed Robin
  1670 | D:2      | Reached skill level 7 in Fighting
  1795 | D:3      | Reached XP level 6. HP: 54/60 MP: 6/6
  1851 | D:3      | Noticed Sigmund
  1875 | D:4      | Reached skill level 1 in Shields
  2013 | D:4      | Noticed Menkaure
  2030 | D:4      | Killed Menkaure
  2031 | D:4      | Reached XP level 7. HP: 31/66 MP: 7/7
  2147 | D:4      | Noticed Eustachio
  2193 | D:4      | Killed Eustachio
  2194 | D:4      | Reached skill level 5 in Shields
  2953 | D:5      | Entered Level 5 of the Dungeon
  3071 | D:5      | Reached skill level 1 in Conjurations
  3106 | D:5      | Found a hide-covered altar of Uskayaw.
  3275 | D:5      | Found a white marble altar of Elyvilon.
  3283 | D:5      | Learned a level 1 spell: Magic Dart
  3388 | D:5      | Reached XP level 8. HP: 72/73 MP: 1/8
  3799 | D:5      | Found a hazy altar of Hepliaklqana.
  4621 | D:6      | Reached skill level 5 in Axes
  4709 | D:6      | Found a bloodstained altar of Trog.
  4719 | D:6      | Killed from afar by an orc priest

Illustrated notes

Levels and vault maps discovered:
D:1:      hellmonk_arrival_library, layout_basic,
          shapermc_ecumenical_altar_totnotflames
D:2:      layout_rooms, st_stairs_2
D:3:      layout_rooms, mainiacjoe_overflow_surrounded_room, lemuel_round_altar,
          uniq_grinder, uniq_sigmund, uniq_robin, uniq_crazy_yiuf_cottage,
          uniq_terence
D:4:      layout_basic, uniq_eustachio, uniq_menkaure
D:5:      lemuel_ice_spiral_2, layout_basic, lemuel_tele_altar,
          worldfamousw_hep_ancestral_shrine, mainiacjoe_overflow_chevrons
D:6:      layout_basic, trog_three_pillars_becter, eino_tiny_chamber,
          hangedman_abyss_or_decor_lesser_grid

Skill      XL: |  1  2  3  4  5  6  7  8 |
---------------+-------------------------+-----
Axes           | 4 5 |  5.7
Fighting       | 4 6 7 |  7.0
Shields        | 4 6 |  6.7
Conjurations   | 2 4 |  4.7
Armour         | 4 |  4.7
Dodging        | |  2.2

Action                     |  1- 3 |  4- 6 |  7- 9 || total
---------------------------+-------+-------+-------++-------
  Melee: Hand axe          |    15 |       |       ||    15
         Dagger            |    42 |    64 |       ||   106
         Club              |       |    10 |    28 ||    38
         Morningstar       |       |       |   185 ||   185
   Fire: Arbalest          |    45 |     9 |    37 ||    91
  Throw: Stone             |     5 |       |       ||     5
         Dart              |       |     6 |     9 ||    15
         Boomerang         |       |       |     3 ||     3
   Cast: Magic Dart        |       |       |    24 ||    24
  Evoke: Wand              |     5 |       |       ||     5
    Use: Potion            |     1 |     1 |     4 ||     6
         Scroll            |       |     2 |     8 ||    10
 Armour: Robe              |     5 |       |       ||     5
         Ring mail         |    36 |    69 |   171 ||   276
         Skin              |       |       |     6 ||     6
  Dodge: Dodged            |    30 |    52 |   109 ||   191
  Block: Kite shield       |       |       |    58 ||    58

Table legend: (Time is in decaauts)
 A = Elapsed time spent in this place.
 B = Non-inter-level travel time spent in this place.
 C = Inter-level travel time spent in this place.
 D = Time resting spent in this place.
 E = Time spent auto-exploring this place.
 F = Levels seen in this place.
 G = Mean time per level.
                   A        B        C        D        E       F      G
               +--------+--------+--------+--------+--------+-----+--------+
         Total |   4881 |   4304 |    577 |    690 |   2344 |   6 |  813.5 |
       Dungeon |   4881 |   4304 |    577 |    690 |   2344 |   6 |  813.5 |
               +--------+--------+--------+--------+--------+-----+--------+

Top non-repeatable levels by time:
     D:5: 1449 daAuts
     D:4: 1153 daAuts
     D:2: 803 daAuts
     D:1: 766 daAuts
     D:3: 379 daAuts
     D:6: 330 daAuts
